Cogmind - Beta 15 @@@ ROGUE MODE // 2025.05.09 @ 18:16:26 // AFD2021/Volatile Player: Minty Result: Self-destructed Performance ------------- Evolutions (5) 2500 Regions Visited (6) 1200 Robots Destroyed (47) 235 Value Destroyed (1720) 1720 Prototype IDs (14) 280 Alien Tech Used (0) 0 Bonus (416) 416 TOTAL SCORE: 6351 Bonus ------- High Alert Combat Kills 116 Registered with UFD 300 Cogmind --------- Core Integrity 29/1000 Matter 81/300 Energy 19/100 System Corruption 36% Temperature Cool (86) Movement Treading (160) Location -5/Factory Parts ------- > --- POWER (2) -------- (None) > --- PROPULSION (6) --- Enhanced Armored Heavy Treads Enhanced Armored Heavy Treads > --- UTILITY (7) ------ Experimental Coolant Injector Enhanced Optical Array Advanced Terrain Scan Processor Advanced Terrain Scan Processor Advanced Terrain Scan Processor Advanced Terrain Scan Processor > --- WEAPON (2) ------- Wave Gun > --- INVENTORY (5) ---- High-density Centrium Leg High-density Centrium Leg High-density Centrium Leg Improved Arc Projector Improved Arc Projector Peak State ------------ > --- POWER ------------ Light Deuterium Engine > --- PROPULSION ------- Enhanced Armored Heavy Treads High-density Centrium Leg High-density Centrium Leg High-density Centrium Leg High-density Centrium Leg > --- UTILITY ---------- Experimental Coolant Injector Enhanced Optical Array Advanced Terrain Scan Processor Advanced Terrain Scan Processor Advanced Terrain Scan Processor Advanced Terrain Scan Processor Advanced Terrain Scan Processor > --- WEAPON ----------- Thermic Laser > --- INVENTORY -------- High-density Centrium Leg Force Field DRS Beacon [Rating: 104] Favorites ----------- Power Ion Engine Engine Ion Engine Power Core Light Fission Core Reactor Cold Fusion Reactor Propulsion Thunder Leg Treads Enhanced Armored Heavy Treads Leg Thunder Leg Wheel Compact Wheel Utility Advanced Terrain Scan Processor Device Heat Sink Storage Small Storage Unit Processor Advanced Terrain Scan Processor Weapon Companion Sword Energy Gun EM Shotgun Energy Cannon Subdweller Beam Cannon Ballistic Gun Battle Rifle Slashing Weapon Companion Sword Build | -11 -10 -10 -7 -5 -5 -5 ------- Run | Yrd Mat Sub Scr Fac Was Fac Slots Evolved 10 | . . . . 10 . . Power 1 | . . . . 1 . . Propulsion 4 | . . . . 4 . . Utility 5 | . . . . 5 . . Weapon . | . . . . . . . Parts Attached 56 | . 2 5 7 39 . 3 Power 7 | . . 1 . 6 . . Engine 4 | . . 1 . 3 . . Core 1 | . . . . 1 . . Reactor 2 | . . . . 2 . . Propulsion 20 | . . . 4 16 . . Treads 5 | . . . 2 3 . . Leg 13 | . . . . 13 . . Wheel 2 | . . . 2 . . . Hover . | . . . . . . . Flight . | . . . . . . . Utility 17 | . 1 . . 15 . 1 Device 11 | . 1 . . 9 . 1 Storage . | . . . . . . . Processor 6 | . . . . 6 . . Hackware . | . . . . . . . Protection . | . . . . . . . Artifact . | . . . . . . . Weapon 12 | . 1 4 3 2 . 2 Energy Gun 5 | . . . 2 1 . 2 Energy Cannon 3 | . 1 1 . 1 . . Ballistic Gun 3 | . . 3 . . . . Ballistic Cannon . | . . . . . . . Launcher . | . . . . . . . Special Weapon . | . . . . . . . Impact Weapon . | . . . . . . . Slashing Weapon 1 | . . . 1 . . . Piercing Weapon . | . . . . . . . Special Melee Weapon . | . . . . . . . Unidentified Prototypes 6 | . . . 1 5 . . Parts Lost 32 | . 3 1 . 26 . 2 Power 7 | . 1 . . 6 . . Propulsion 13 | . . 1 . 11 . 1 Utility 8 | . . . . 7 . 1 Weapon 4 | . 2 . . 2 . . Highest Loss Streak 11 | . 3 1 . 11 . 1 To Critical Strikes 1 | . 1 . . . . . Average Backups 5 | . 6 5 6 4 5 4 Power . | . 1 . . . . . Propulsion 2 | . 4 4 1 2 4 3 Utility . | . . . . . . . Weapon 2 | . 1 1 3 1 1 1 Tool/Special . | . . . . . . . Unused Backups 10 | . 7 1 1 . . 1 Power 1 | . 1 . . . . . Propulsion 4 | . 2 1 . . . 1 Utility 1 | . 1 . . . . . Weapon 4 | . 3 . 1 . . . Tool/Special . | . . . . . . . Average Slot Usage (%) 78 | . 96 73 97 60 58 61 Engine 9 | . 14 14 14 2 . . Treads 4 | . . . 9 2 17 14 Leg 14 | . 28 27 . 20 . . Wheel 5 | . . . 17 . . . Device 11 | . 10 14 14 8 5 5 Storage 9 | . 14 14 14 3 . . Processor 5 | . . . . 10 35 34 Energy Gun 6 | . 14 . 14 1 . 5 Energy Cannon 2 | . 12 . . 2 . . Ballistic Gun 1 | . 1 2 . 1 . . Slashing Weapon 4 | . . . 11 1 . . Peak Build Rating 104 | . 7 9 15 104 92 104 Average Rating 30 | . 6 5 13 58 92 92 On Entrance 31 | 6 6 4 8 15 92 92 Naked Turns 17 | . . . . 17 . . Heaviest Build 43 | 11 14 23 18 43 . 10 Greatest Support 235 | 20 20 20 40 235 3 235 Greatest Overweight (x) 3 | . . 2 1 1 . 3 Average Overweight (x) . | . . . . . . . Largest Inventory Capacity 8 | . 8 8 8 8 5 5 Average Capacity 7 | . 8 8 8 6 5 5 Most Carried 8 | . 6 6 8 8 5 5 Average Carried 6 | . 6 5 7 6 5 4 Final Capacity 8 | 8 8 8 8 5 5 5 Final Carried 8 | 6 6 6 8 5 5 5 Class Distribution -------------------- 100% | Mutant Dominant Class ---------------- Mutant | -10/Materials Mutant | -10/Subcaves Mutant | -7/Scraptown Mutant | -5/Factory Mutant | -5/Waste Mutant | -5/Factory Resources | -11 -10 -10 -7 -5 -5 -5 ----------- Run | Yrd Mat Sub Scr Fac Was Fac Matter Collected 720 | 200 20 33 . 467 . . Remotely . | . . . . . . . Salvage Created 1586 | . 162 85 . 1223 . 116 Parts 84 | . 25 1 . 54 . 4 Haulers Intercepted . | . . . . . . . Recyclers Shooed 4 | . 1 . . 3 . . Parts Field Recycled . | . . . . . . . Retrieved Matter . | . . . . . . . Parts Self-Destructed . | . . . . . . . Prevented 1 | . . 1 . . . . Kills | -11 -10 -10 -7 -5 -5 -5 ------- Run | Yrd Mat Sub Scr Fac Was Fac Combat Hostiles Destroyed 40 | . 13 1 . 24 . 2 Guns 10 | . 3 1 . 5 . 1 Cannons 6 | . . . . 6 . . AOE 19 | . 10 . . 9 . . Classes Destroyed 10 | . 3 2 . 5 . . Worker 1 | . . . . 1 . . Recycler 2 | . . . . 2 . . Turret 2 | . . 2 . . . . Watcher 2 | . 1 . . 1 . . Swarmer 22 | . 12 . . 10 . . Grunt 4 | . 1 . . 3 . . Duelist 1 | . . . . 1 . . Hunter 4 | . . . . 4 . . Programmer 8 | . . . . 6 . 2 Subdweller 1 | . . 1 . . . . Best Kill Streak 9 | . 6 2 . 9 . 1 Combat Bots Only 7 | . 6 1 . 7 . 1 Max Kills in Single Turn 6 | . 6 2 . 6 . 1 Gunslinging . | . . . . . . . Exploded 5 | . 5 . . 4 . . Melee . | . . . . . . . Uniques/NPCs Destroyed . | . . . . . . . Combat | -11 -10 -10 -7 -5 -5 -5 -------- Run | Yrd Mat Sub Scr Fac Was Fac Hostile Shots Fired 512 | . 39 69 . 299 1 104 Missed 159 | . 17 29 . 94 . 19 Hits 353 | . 22 40 . 205 1 85 Melee 7 | . . . . . 1 6 Projectile 346 | . 22 40 . 205 . 79 AOE 2 | . 1 . . 1 . . Critical Strikes 17 | . 1 . . 9 . 7 Part Disruptions 1 | . . . . 1 . . Damage Taken 7267 | . 299 506 . 4592 38 1832 Core 1210 | . 54 185 . 790 . 181 Absorbed by Shields 108 | . . . . 108 . . Reduced by Siege Mode 280 | . . . . 23 . 257 Core Remaining (%) 52 | 100 . . 4 . . . Volleys Fired 142 | . 21 24 . 74 . 23 Largest 2 | . 2 2 . 2 . 2 Hottest 170 | . 100 110 . 170 . 130 Shots Fired 195 | . 35 31 . 106 . 23 Gun 131 | . 21 27 . 60 . 23 Cannon 64 | . 14 4 . 46 . . Launcher . | . . . . . . . Special . | . . . . . . . Kinetic 56 | . . 27 . 29 . . Thermal 108 | . 14 4 . 69 . 21 Explosive . | . . . . . . . Electromagnetic 31 | . 21 . . 8 . 2 Robot Hit Streak 15 | . 7 15 . 13 . 11 Robot Miss Streak 6 | . 5 5 . 6 . 2 Penetration Max . | . . . . . . . Secondary Targets . | . . . . . . . Shots Hit Robots 122 | . 16 21 . 66 . 19 Core Hits 72 | . 16 8 . 45 . 3 Critical Kills 2 | . . . . 2 . . Critical Parts Destroyed 1 | . . 1 . . . . Critical Strikes 11 | . . 1 . 8 . 2 Burn 6 | . . . . 4 . 2 Meltdown 2 | . . . . 2 . . Destroy 1 | . . 1 . . . . Melee Attacks 3 | . . . . 3 . . Impact . | . . . . . . . Slashing 3 | . . . . 3 . . Piercing . | . . . . . . . Sneak Attacks . | . . . . . . . Combat Hostiles . | . . . . . . . Follow-up Attacks . | . . . . . . . Damage Inflicted 4975 | . 916 330 . 3010 . 719 Guns 1547 | . 120 201 . 684 . 542 Cannons 1089 | . 122 81 . 886 . . Explosions 2184 | . 674 48 . 1285 . 177 Melee 131 | . . . . 131 . . Ramming 24 | . . . . 24 . . Kinetic 457 | . . 201 . 256 . . Thermal 3554 | . 796 81 . 1993 . 684 Explosive 380 | . . 48 . 332 . . Electromagnetic 252 | . 120 . . 97 . 35 Impact . | . . . . . . . Slashing 131 | . . . . 131 . . Piercing . | . . . . . . . Entropic 177 | . . . . 177 . . Highest Corruption 36 | . . . . 21 21 36 Average Corruption 14 | . . . . 10 21 25 Corruption Purged . | . . . . . . . Corruption Blocked . | . . . . . . . Effects 35 | . . . . 20 4 11 Message Errors 4 | . . . . 3 . 1 Matter Fused 4 | . . . . 3 . 1 Heat Flow Errors 7 | . . . . 4 . 3 Energy Discharges 4 | . . . . 2 . 2 Parts Rejected 2 | . . . . 1 . 1 Data Loss (minor) 4 | . . . . 2 1 1 Data Loss (major) 1 | . . . . . 1 . Misfires 2 | . . . . 2 . . Misdirections 4 | . . . . 1 2 1 Weapon Failures 3 | . . . . 2 . 1 Overload Shots . | . . . . . . . Overflow Damage 312 | . 84 . . 184 . 44 Projectiles 39 | . . . . 39 . . Explosions 273 | . 84 . . 145 . 44 Melee . | . . . . . . . Knockbacks . | . . . . . . . Impact . | . . . . . . . Kinetic . | . . . . . . . Secondary . | . . . . . . . Self-Inflicted Damage 762 | . 59 73 . 566 . 64 Shots 11 | . 2 1 . 7 . 1 Rammed 8 | . . . . 8 . . Targets Rammed 8 | . . . . 8 . . Kicked . | . . . . . . . Crushed . | . . . . . . . Highest Temperature 236 | . 90 4 . 236 . 227 Average Temperature 58 | . 29 4 . 68 . 51 Received Heat Transfer 603 | . 54 240 . 165 . 144 Siege Activations 2 | . . . . 1 . 1 Total Turns 94 | . . . . 18 . 76 Longest Duration 76 | . . . . 18 . 76 Martial Activations . | . . . . . . . Shielding Activations . | . . . . . . . Robots Disrupted . | . . . . . . . Combat Hostiles . | . . . . . . . Robots Corrupted . | . . . . . . . Combat Hostiles . | . . . . . . . Parts Fried . | . . . . . . . Impact Corruptions . | . . . . . . . Robots Melted 5 | . . . . 4 . 1 Combat Hostiles 5 | . . . . 4 . 1 Parts Melted 22 | . 1 . . 17 . 4 Heat Transferred 5265 | . 1259 111 . 2981 . 914 Parts Sabotaged . | . . . . . . . Parts Stolen . | . . . . . . . Parts Stripped . | . . . . . . . Power Chain Reactions 4 | . 3 . . 1 . . Alert | -11 -10 -10 -7 -5 -5 -5 ------- Run | Yrd Mat Sub Scr Fac Was Fac Maximum Alert Level 2 | . 1 . . 2 . . Low Security (%) 54 | . 31 . . 51 100 100 Level 1 23 | . 68 . . 11 . . Level 2 22 | . . . . 37 . . Level 3 . | . . . . . . . Level 4 . | . . . . . . . Level 5 . | . . . . . . . High Security . | . . . . . . . Max Security . | . . . . . . . Peak Influence 572 | . 387 . . 572 196 123 Initial 196 | . . . . . 196 123 Average 213 | . 205 . . 248 190 82 Influence Increases 1723 | . 519 55 . 1099 . 50 Destroy 0b10 Robot/C 820 | . 260 40 . 480 . 40 Destroy 0b10 Robot/NC 25 | . 5 . . 20 . . Destroy Leader 144 | . 52 . . 82 . 10 Trap Triggered on 0b10 10 | . . . . 10 . . Successful Hack 33 | . 5 . . 28 . . Disable Machine 165 | . 45 . . 120 . . Destroy Structure 376 | . 92 . . 284 . . Lose Combat Pursuer 150 | . 60 15 . 75 . . Influence Decreases 1670 | . 170 372 32 539 384 173 Entered New Map 618 | . . 169 32 . 364 53 Time Decay 732 | . 140 193 . 279 20 100 Lost Part 290 | . 30 10 . 230 . 20 Lost Ally 30 | . . . . 30 . . Squads Dispatched 8 | . 2 . . 5 . 1 Investigation 3 | . 1 . . 2 . . Extermination 2 | . . . . 2 . . Reinforcement 3 | . 1 . . 1 . 1 Assault . | . . . . . . . Garrison . | . . . . . . . Intercept . | . . . . . . . Searches Triggered . | . . . . . . . Construction Impeded 2 | . . . . 1 . 1 Haulers Reinforced . | . . . . . . . Active Scanning Responses . | . . . . . . . Cargo Convoy Interrupts 1 | . . . . 1 . . Stealth | -11 -10 -10 -7 -5 -5 -5 --------- Run | Yrd Mat Sub Scr Fac Was Fac Distress Signals 2 | . . . . 2 . . Communications Jammed . | . . . . . . . Distress Signals . | . . . . . . . Times Spotted 91 | . 16 4 . 60 4 7 Peak Tracking Total 15 | . 7 2 . 15 4 5 Tactical Retreats 6 | . 1 1 . 4 . . Traps | -11 -10 -10 -7 -5 -5 -5 ------- Run | Yrd Mat Sub Scr Fac Was Fac Traps Triggered 3 | . . . . 3 . . Indirectly 1 | . . . . 1 . . Trap Hack Attempts . | . . . . . . . Triggered . | . . . . . . . Disarmed 3 | . 3 . . . . . Reprogrammed . | . . . . . . . Reused 1 | . . . . 1 . . Traps Extracted . | . . . . . . . Installed 1 | . . . . 1 . . Triggered 1 | . . . . 1 . . Most Traps Carried 1 | . . . 1 1 . . Machines | -11 -10 -10 -7 -5 -5 -5 ---------- Run | Yrd Mat Sub Scr Fac Was Fac Machines Disabled 15 | . 3 4 . 8 . . Max in Single Turn 4 | . 1 4 . 2 . . Machines Repaired . | . . . . . . . Machines Dismantled . | . . . . . . . Machines Sabotaged . | . . . . . . . Overloaded Fab Kills . | . . . . . . . Hacking | -11 -10 -10 -7 -5 -5 -5 --------- Run | Yrd Mat Sub Scr Fac Was Fac Machines Accessed 9 | . 2 . 3 4 . . Terminals 5 | . 2 . . 3 . . Fabricators . | . . . . . . . Repair Stations 1 | . . . . 1 . . Recycling Units . | . . . . . . . Scanalyzers . | . . . . . . . Garrison Access . | . . . . . . . Total Hacks 28 | . 6 . 10 12 . . Successful 16 | . 4 . 10 2 . . Failed 12 | . 2 . . 10 . . Catastrophic 2 | . 2 . . . . . Database Lockouts . | . . . . . . . Manual 3 | . . . . 3 . . Terminals 16 | . 6 . . 10 . . Fabricators . | . . . . . . . Repair Stations 2 | . . . . 2 . . Recycling Units . | . . . . . . . Scanalyzers . | . . . . . . . Garrison Access . | . . . . . . . Terminal Hacks 15 | . 4 . 10 1 . . Record 1 | . . . 1 . . . Robot Analysis 7 | . . . 7 . . . Open Door 1 | . . . 1 . . . Level Access Points 1 | . 1 . . . . . Terminal Index 1 | . 1 . . . . . Locate Traps 2 | . 1 . . 1 . . Disarm Traps 1 | . 1 . . . . . Proto ID Catalog 1 | . . . 1 . . . Fabricator Hacks . | . . . . . . . Repair Station Hacks . | . . . . . . . Recycling Unit Hacks . | . . . . . . . Scanalyzer . | . . . . . . . Garrison Access Hacks . | . . . . . . . Unauthorized Hacks 1 | . . . . 1 . . Terminals 1 | . . . . 1 . . Botnet 1 | . . . . 1 . . Fabricators . | . . . . . . . Repair Stations . | . . . . . . . Recycling Units . | . . . . . . . Scanalyzers . | . . . . . . . Garrison Access . | . . . . . . . Data Cores Recovered . | . . . . . . . Used . | . . . . . . . Hacking Detections 5 | . 1 . . 4 . . Full Trace Events 3 | . 1 . . 2 . . Feedback Events . | . . . . . . . Feedback Blocked . | . . . . . . . Robot Schematics Acquired . | . . . . . . . Robots Built . | . . . . . . . Authchips . | . . . . . . . Time . | . . . . . . . Total Robot Build Rating . | . . . . . . . Part Schematics Acquired . | . . . . . . . Parts Built . | . . . . . . . Authchips . | . . . . . . . Time . | . . . . . . . Total Part Build Rating . | . . . . . . . Parts Repaired . | . . . . . . . Time . | . . . . . . . Parts Recycled . | . . . . . . . Recycled Matter . | . . . . . . . Retrieved Matter . | . . . . . . . Retrieved Components . | . . . . . . . Parts Scanalyzed . | . . . . . . . Part Schematics Acquired . | . . . . . . . Parts Damaged . | . . . . . . . Bothacking | -11 -10 -10 -7 -5 -5 -5 ------------ Run | Yrd Mat Sub Scr Fac Was Fac Used RIF Installer . | . . . . . . . Robots Hacked . | . . . . . . . Non-combat . | . . . . . . . Combat . | . . . . . . . Robot Hacks Applied . | . . . . . . . Relay Couplers Released . | . . . . . . . Fabnet Peak Effective % . | . . . . . . . Robots Rewired . | . . . . . . . Allies Hacked . | . . . . . . . Hacks Repelled . | . . . . . . . Allies | -11 -10 -10 -7 -5 -5 -5 -------- Run | Yrd Mat Sub Scr Fac Was Fac Total Allies . | . . . . . . . Largest Group . | . . . . . . . Highest-Rated Group . | . . . . . . . Highest-Rated Ally . | . . . . . . . Total Orders 1 | . . . . 1 . . EXPLORE 1 | . . . . 1 . . Ally Attacks . | . . . . . . . Total Damage . | . . . . . . . Kills . | . . . . . . . Allies Corrupted . | . . . . . . . Allies Melted . | . . . . . . . Intel | -11 -10 -10 -7 -5 -5 -5 ------- Run | Yrd Mat Sub Scr Fac Was Fac Active Infowar (turns) 510 | . . . . 269 40 201 Optics 510 | . . . . 269 40 201 Robot Analysis Total 7 | . . . 7 . . . Derelict Logs Recovered 3 | . . 1 2 . . . Drone Launches 3 | . . . . 3 . . Drone Recoveries . | . . . . . . . Exploration | -11 -10 -10 -7 -5 -5 -5 ------------- Run | Yrd Mat Sub Scr Fac Was Fac Turns Passed 3057 | . 358 648 942 868 40 201 Spaces Moved 2212 | 1 237 360 792 643 73 106 Core 473 | . . . . 303 73 97 Treads 204 | . . . 192 3 . 9 Legs 917 | 1 237 360 12 307 . . Wheels 618 | . . . 588 30 . . Hover . | . . . . . . . Flight . | . . . . . . . Fastest Speed 50 | 120 120 120 100 50 50 50 Average Speed 105 | 120 120 123 115 86 50 80 Slowest Speed 260 | 120 120 260 190 180 50 200 Overloaded Moves . | . . . . . . . Propulsion Burnouts . | . . . . . . . Robots Hopped . | . . . . . . . Potential Cave-ins 4 | . . . . 4 . . Cave-ins Triggered . | . . . . . . . Exploration Rate (%) 34 | 2 60 30 48 22 71 6 Regions Visited 6 Branch Regions 2 Pre-discovered Areas 3 | . . 2 1 . . . Known Exits Taken . | . . . . . . . Unknown Exits Taken 4 | 1 1 1 1 . . . Scrap Searched . | . . . . . . . Spaces Dug . | . . . . . . . Terrain Destroyed 305 | . 91 75 . 139 . . Melee . | . . . . . . . Projectile 11 | . . 1 . 10 . . AOE 294 | . 91 74 . 129 . . Terrain Rammed . | . . . . . . . Walls Destroyed . | . . . . . . . Machines Disabled . | . . . . . . . Actions | -11 -10 -10 -7 -5 -5 -5 --------- Run | Yrd Mat Sub Scr Fac Was Fac Total 2750 | . 274 537 821 843 75 200 Wait 245 | . 15 147 . 20 2 61 Move 2207 | . 236 359 791 643 72 106 Hop . | . . . . . . . Pick Up 21 | . . 1 7 11 . 2 Fast Attach 43 | . 1 2 5 33 . 2 Attach 22 | . . 2 4 15 . 1 Detach 16 | . . 1 5 10 . . Swap 10 | . 1 1 . 5 . 3 Drop 29 | . . . 9 18 . 2 Fire 142 | . 21 24 . 74 . 23 Melee 3 | . . . . 3 . . Ram 7 | . . . . 6 1 . Kick . | . . . . . . . Crush 2 | . . . . 2 . . Escape Stasis 2 | . . . . 2 . . Rewire . | . . . . . . . Trap 1 | . . . . 1 . . Miscellaneous . | . . . . . . . Route ------- -11/Scrapyard -10/Materials (discovered 6 exits: *Mat x3 / [*Min x2] / [*Sub]) -10/Subcaves (discovered 2 exits: [*Rec] / *Scr) -7/Scraptown -5/Factory -5/Waste -5/Factory History --------- Turn | Location | Event 1 | -11/Scrapyard | Discovered new exit (range 0) 1 | -11/Scrapyard | Entered Materials 56 | -10/Materials | Identified exit to Materials 122 | -10/Materials | Discovered new exit (range 15) 268 | -10/Materials | Discovered new exit (range 9) 307 | -10/Materials | Build established: Mutant 351 | -10/Materials | Discovered new exit (range 7) 359 | -10/Materials | Entered Subcaves 360 | -10/Subcaves | Approached by a straggling Scientist 360 | -10/Subcaves | Learned location of Storage (-7) 369 | -10/Subcaves | Learned location of Zion (-6) 369 | -10/Subcaves | Met a Zionite searching for "candidates" 385 | -10/Subcaves | Lost 3 parts (1p2w) 617 | -10/Subcaves | Core integrity fell below 50% 966 | -10/Subcaves | Core integrity fell below 20% 991 | -10/Subcaves | Discovered new exit (range 16) 1000 | -10/Subcaves | Scientist uncovered a shortcut to Scraptown 1007 | -10/Subcaves | Entered Scraptown 1058 | -7/Scraptown | Visited Junk Repository 1131 | -7/Scraptown | Visited UFD Registry 1131 | -7/Scraptown | Registered with UFD as "Chainbot" 1161 | -7/Scraptown | Visited Sword Containment 1224 | -7/Scraptown | Visited Science Guys 1265 | -7/Scraptown | Visited Derelict Rescue Squad 1274 | -7/Scraptown | Found DRS Beacon 1304 | -7/Scraptown | Visited Analyses Database 1337 | -7/Scraptown | Visited Botcube Research 1388 | -7/Scraptown | Visited Research Penetration Think Tank 1428 | -7/Scraptown | Visited Curators Association 1715 | -7/Scraptown | Visited Observation Area 1767 | -7/Scraptown | Scanned Subdweller tech in exchange for log data 1770 | -7/Scraptown | Learned location of 1 exit from Factory 1773 | -7/Scraptown | Learned location of Warlord (-5) 1947 | -7/Scraptown | Discovered new exit (range 3) 1949 | -7/Scraptown | Entered Factory 1949 | -5/Factory | Evolved 10 slots: Power x1, Propulsion x4, Utility x5 1950 | -5/Factory | Identified exit to Upper Caves 2195 | -5/Factory | Lost 4 parts (3u1w) 2370 | -5/Factory | Lost 5 parts (1p4n) 2468 | -5/Factory | Lost 3 parts (1p1n1u) 2510 | -5/Factory | Lost 3 allies 2519 | -5/Factory | Destroyed 7 combat bots 2562 | -5/Factory | Lost 11 parts (1p6n3u1w) 2571 | -5/Factory | Cargo convoy interrupted 2573 | -5/Factory | Core integrity fell below 50% 2593 | -5/Factory | System corruption reached 10% 2817 | -5/Factory | Sucked down chute 2817 | -5/Factory | Entered Waste 2822 | -5/Waste | Spotted C-40 Crusher 2829 | -5/Waste | Spotted C-40 Crusher 2829 | -5/Waste | Spotted C-40 Crusher 2832 | -5/Waste | Spotted C-40 Crusher 2842 | -5/Waste | Spotted C-40 Crusher 2843 | -5/Waste | Discovered new exit (range 22) 2857 | -5/Waste | Entered Factory 2961 | -5/Factory | Core integrity fell below 20% 3022 | -5/Factory | System corruption reached 30% 3058 | -5/Factory | Self-destructed Last Messages --------------- 03031_ P-70 Sage suffers critical hit (Burn). 03035_ Destroyed Antigrav System. 03039_ >/TIX=%|PYAOI1V3|#1C2U OYD DUHFE 03039_ R-10 Processor collects Corrupted Imp. Target Analyzer. 03040_ Ended siege mode. 03043_ R-10 Processor collects Corrupted Imp. Remote Datajack. 03045_ P-70 Sage critical meltdown. 03045_ Imp. Heat Sink melted. 03045_ Antigrav System melted. 03045_ Imp. Heat Sink melted. 03045_ Adv. Terrain Scan Processor destroyed. 03045_ Destroyed Adv. Terrain Scan Processor. 03045_ Destroyed Wheel. 03045_ Destroyed Welding Torch. 03045_ U-05 Engineer lays Concrete. 03046_ Critical hit (Burn: +37). 03046_ R-10 Processor collects Corrupted Imp. Heat Sink. 03046_ U-05 Engineer lays Concrete. 03050_ R-10 Processor collects Corrupted Tesla Rifle. 03054_ System corrupted: Heat flow error (+297). Map ----- +----------------------------------------------------+ | ??????????????????????# ## """""" # #?? | | ??????????????????????# ## """""" ######## #?? | | ??????????????????????# #??########??????? +?? | | ??????????????????????# #????????????????? #?? | | ??????????????????????# #????????????????? #?? | | ??????????????????????# #???????????????## ##? | | ??????????????????????# #?????########## ? | | ??????????????????????# #?????# # | | ??????????????????????# #?????# # | | ??????????????????????# #?????# # | | ??????????????????????# #?????# " ???? | | ?????????????????######+####### ?????? | | ?????????????????# ! # ???????? | | ?????????????????# """ # ?????????? | | ?????????????????# """"" # #??????????? | | ?????????????????# """"" # #??????????? | | ?????????????????# # ############ | | ?????????????????# """ # # | | ?????????????????# """"" + + """ """ | | ?????????????????# """"" # # """ """ | | ?????????????????# # # """ """ | | ?????????????????# # # | | ?????????????????# # % # """ """ | | ?????????????????# # # """ """ | | ?????????????###k############## # """ """ | | ????????????# k @lg gg # | | ????????????# R %u # ! | | ????????????# # | | ????????????# k u # | | ????????????# g ############ | | ????????????# #??????????? | | ????????????# A #??????????? | | ????????????#A^ #####+##### #??????????? | | ????????????# ???? ????# t #??????????? | | ??????????? ???? ?????# T#?????????? | | ????????? h ??? ??????# #?????????? | | ???????? ??? "???????# ##?????????? | | ???????? ?????????????# #??????????? | | ???????? ?????????????# k#??????????? | | ???????? ??????????????# #??????????? | | ????????? ???????????????# #??????????? | | ??????????#####???????????????# #??????????? | | ??????????????????????????????# #??????????? | | ??????????????????????????????? ??????????? | | ??????????????????????????????? ??????????? | | ??????????????????????????????? ?????????????? | | ??????????????????????????????? ???????????????? | | ?????????????????????????????????????????????????? | | ?????????????????????????????????????????????????? | | ?????????????????????????????????????????????????? | +----------------------------------------------------+ Best States ------------- Heat Dissipation 50 Coolant Potential 120 Energy Generation 30 Energy Capacity 340 Matter Stores 300 Matter Capacity 300 Sight Range 22 Terrain Scan Density 1010 Point Defense Rating 80 Melee Speed Boost 20 Evasion (%) 78 Recoil Reduction 6 Particle Charging 20 Item Schematics ----------------- None Robot Schematics ------------------ None Fabricated ------------ Nothing Repaired ---------- Nothing Alien Tech Used ----------------- None Achievements -------------- None Challenges ------------ None Game ------ Seed TransmissionBlastSteel Manual? 0 Play Time 00:23:34 Cumulative 1026.3 hours Start 2025.05.09 @ 17:36:06 End 2025.05.09 @ 18:16:26 Sessions 1 Manual Loads 0 Difficulty Rogue Special Mode AFD2021/Volatile Game No. 1261 Rogue 979 Adventurer 124 Explorer 158 Win Type - Total 44 Types 31/0/8/3/1/0/0/1/0/0 Lore% 91 Gallery% 85 Achievement% 79 Wizard Run 0 Options --------- Layout 0 ASCII 0 Keyboard 1 Movement Numpad Keybinds 0 Fullscreen 2 Font 18/X11 Map View 76x50 Zoom Use 0% Tactical HUD 1 Map Filters NONE Filters NONE Steam 1 RUN: 24ac4476-116a-4b9d-b735-c776b195983b